 Dungeon Crawl Stone Soup version 0.23-a0-344-ge122d05 (webtiles) character file.

366273 rgaf the Marksgargoyle (level 22, -8/148 HPs)
             Began as a Gargoyle Hunter on Oct 17, 2018.
             Was the Champion of Okawaru.
             Mangled by an ettin
             ... wielding a +0 dire flail
              (25 damage)
             ... on level 2 of the Depths on Oct 19, 2018.
             The game lasted 01:19:52 (52777 turns).

rgaf the Marksgargoyle (Gargoyle Hunter)           Turns: 52777, Time: 01:19:56

Health: -8/148     AC: 49    Str: 25    XL:     22   Next: 56%
Magic:  35/35      EV: 11    Int: 18    God:    Okawaru [******]
Gold:   3363       SH:  0    Dex: 17    Spells: 21/21 levels left

rFire    + . .     SeeInvis +   b - +1 great sword (freeze)
rCold    + + .     Gourm    .   (shield currently unavailable)
rNeg     + + .     Faith    .   Z - +6 ice dragon scales "Wiguc" {rF- rC++ rN+ MR+ Str+4}
rPois    ∞         Spirit   .   e - +2 helmet {SInv}
rElec    +         Reflect  .   l - +0 cloak {MR+}
rCorr    .         Harm     .   F - +1 pair of gloves
MR       +++++                  E - +0 pair of boots
Stlth    ..........             x - amulet "Zaemiuvi" {Acrobat MR+ Dex+3}
HPRegen  0.34/turn              G - ring "Asathelu" {rElec rF+ MP+9 Int+5}
MPRegen  0.24/turn              v - ring of fire

@: flying
A: big wings, cold resistance 1, low mp 1, magic resistance 1, negative energy
resistance 1, electricity resistance, unbreathing, petrification resistance, rot
immunity, AC +16
}: 2/15 runes: decaying, serpentine
a: Stop Flying, Heroism, Finesse, Renounce Religion


You were on level 2 of the Depths.
You worshipped Okawaru.
Okawaru was exalted by your worship.
You were not hungry.

You visited 8 branches of the dungeon, and saw 39 of its levels.
You also visited: Labyrinth, Bailey and Ice Cave.

You collected 4584 gold pieces.
You spent 1221 gold pieces at shops.

Inventory:

Hand Weapons
 a - the +8 longbow "Yrenih" {velocity, rPois rF+ rC+++ Stlth-}
   (You acquired it on level 8 of the Dungeon)

   Any arrow fired from it inflicts extra damage.
   It protects you from fire.
   It renders you almost immune to cold.
   It protects you from poison.
   It makes you less stealthy.
 b - a +1 great sword of freezing (weapon)
 j - the +7 longbow of Spite {venom, +Inv rElec Int+3}
   (Okawaru gifted it to you on level 5 of the Lair of Beasts)

   It poisons the ammo it fires.
   It affects your intelligence (+3).
   It insulates you from electricity.
   It lets you turn invisible.
 r - a +0 triple sword
 u - a +3 great sword of electrocution
Missiles
 d - 893 arrows
Armour
 e - a +2 helmet of see invisible (worn)
 l - a +0 cloak of magic resistance (worn)
 E - a +0 pair of boots (worn)
 F - a +1 pair of gloves (worn)
 Z - the +6 ice dragon scales "Wiguc" (worn) {rF- rC++ rN+ MR+ Str+4}
   (You found it in an ice cave)

   It affects your strength (+4).
   It makes you vulnerable to fire.
   It greatly protects you from cold.
   It protects you from negative energy.
   It affects your resistance to hostile enchantments.
Jewellery
 v - a ring of fire (right hand)
 x - the amulet "Zaemiuvi" (around neck) {Acrobat MR+ Dex+3}
   (You took it off a minotaur in a labyrinth)

   [amulet of the acrobat]

   It helps you evade while moving and waiting.
   It affects your dexterity (+3).
   It affects your resistance to hostile enchantments.
 G - the ring "Asathelu" (left hand) {rElec rF+ MP+9 Int+5}
   (You found it on level 14 of the Dungeon)

   [ring of intelligence]

   It affects your intelligence (+5).
   It protects you from fire.
   It insulates you from electricity.
   It affects your magic capacity (+9).
 T - the amulet of Eneom {Faith rElec}
   (You found it on level 2 of the Depths)

   [amulet of faith]

   It allows you to gain divine favour quickly.
   It insulates you from electricity.
Wands
 t - a wand of iceblast (11)
 B - a wand of digging (12)
 J - a wand of clouds (10)
 L - a wand of polymorph (63)
 N - a wand of scattershot (4)
 O - a wand of paralysis (44)
 U - a wand of flame (116)
 V - a wand of acid (33)
Scrolls
 g - 4 scrolls of magic mapping
 h - 16 scrolls of remove curse
 n - 11 scrolls of amnesia
 p - 8 scrolls of teleportation
 q - 11 scrolls of fear
 w - a scroll of blinking
 y - 4 scrolls of torment
 z - 2 scrolls of summoning
 D - 7 scrolls of enchant weapon
 H - 4 scrolls of immolation
 K - a scroll of silence
 S - a scroll of holy word
 W - 4 scrolls of enchant armour
 X - 6 scrolls of fog
Potions
 c - 13 potions of haste
 i - 11 potions of curing
 k - 3 potions of resistance
 m - 2 potions of mutation
 o - 3 potions of heal wounds
 s - 5 potions of lignification
 A - 5 potions of brilliance
 C - 2 potions of magic
 I - a potion of agility
 M - a potion of ambrosia
 P - 3 potions of cancellation
 Q - 6 potions of might
 R - 2 potions of invisibility
Miscellaneous
 Y - a lamp of fire
Comestibles
 f - 56 rations


   Skills:
 + Level 18.6 Fighting
 * Level 19.1 Long Blades
 - Level 20.0 Bows
 + Level 18.5 Armour
 - Level 1.5 Dodging
 - Level 1.1 Stealth
 - Level 10.0 Invocations


You had 21 spell levels left.
You didn't know any spells.
Your spell library contained the following spells:

 Spells                   Type           Power        Failure   Level  Hunger
 Apportation              Tloc           #.....       38%         1    ##.....
 Confusing Touch          Hex            #.....       38%         1    ##.....
 Sandblast                Erth           #.....       38%         1    ##.....
 Summon Butterflies       Summ           #.......     38%         1    ##.....
 Blink                    Tloc           N/A          54%         2    ###....
 Passwall                 Tmut/Erth      #.......     54%         2    ###....
 Shroud of Golubria       Chrm/Tloc      #.........   54%         2    ###....
 Call Canine Familiar     Summ           #.......     77%         3    ####...
 Confuse                  Hex            #.......     77%         3    ####...
 Gell's Gravitas          Tloc           #.........   77%         3    ####...
 Lesser Beckoning         Tloc           #.........   77%         3    ####...
 Stone Arrow              Conj/Erth      #.....       77%         3    ####...
 Teleport Other           Tloc           #.......     77%         3    ####...
 Tukima's Dance           Hex            #.......     77%         3    ####...
 Passage of Golubria      Tloc           N/A          99%         4    #####..
 Petrify                  Tmut/Erth      #.......     99%         4    #####..
 Summon Ice Beast         Ice/Summ       #.......     99%         4    #####..
 Alistair's Intoxication  Tmut/Pois      #.......     100%        5    ######.
 Lee's Rapid Deconstruct  Erth           #.........   100%        5    ######.
 Metabolic Englaciation   Hex/Ice        #.........   100%        5    ######.
 Summon Mana Viper        Hex/Summ       #.......     100%        5    ######.
 Yara's Violent Unravell  Hex/Tmut       #.........   100%        5    ######.
 Invisibility             Hex            #.......     100%        6    #######
 Summon Hydra             Summ           #.........   100%        7    #######


Dungeon Overview and Level Annotations

Branches:
Dungeon (15/15)            Temple (1/1) D:5            Lair (6/6) D:9
  Swamp (4/4) Lair:2        Snake (4/4) Lair:3        Slime (0/5) Lair:6
    Orc (2/2) D:10            Elf (0/3) Orc:2        Vaults (4/5) D:14
  Crypt (0/3) Vaults:2     Depths (3/5) D:15

Altars:
Ashenzari
Cheibriados
Dithmenos
Elyvilon
Fedhas
Gozag
Hepliaklqana
Kikubaaqudgha
Makhleb
Nemelex Xobeh
Okawaru
Qazlal
Ru
Sif Muna
Trog
Uskayaw
Vehumet
Wu Jian
Xom
Yredelemnul
Zin
The Shining One
Beogh
Jiyva

Shops:
D:9 *   D:14 %(   Orc:2 [?!([   Snake:1 :   Depths:2 :

Portals:
Hell: Depths:1 Depths:2
Abyss: Depths:2
Pandemonium: Depths:1
Trove: Vaults:4 (give 21 scrolls of identify)

Annotations:
D:5 2 transporters
D:8 1 runed door, regis's ghost, novice TrMo
Lair:2 2 transporters, meatyocre's ghost, journeyman FoAK
Swamp:3 exclusion: Roxanne, Roxanne
Snake:4 3 runed doors, Zenkrye's ghost, adept GrEE
Orc:2 2 transporters, rz's ghost, journeyman MiBe


Innate Abilities, Weirdness & Mutations

You are resistant to torment.
Your stone body is resilient. (AC +16)
You are immune to poison.
Your large and strong wings let you fly indefinitely.
You resist negative energy. (rN+)
You are resistant to electric shocks. (rElec)
You can survive without breathing.
You are immune to petrification.
You are immune to rotting.
Your flesh is cold resistant. (rC+)
Your magical capacity is low. (-10% MP)
You are resistant to hostile enchantments. (MR+)


Message History

The ettin is heavily wounded.
The ettin hits you but does no damage.
The ettin hits you with a +0 great mace!!
The purple ugly thing tentacle-slaps you but does no damage.
You slice the ettin!! You freeze the ettin.
The ettin is almost dead.
You barely miss the ettin.
The ettin is almost dead.
The ettin hits you with a +0 dire flail.
* * * LOW HITPOINT WARNING * * *
The ettin hits you with a +0 great mace.
* * * LOW HITPOINT WARNING * * *
The purple ugly thing tentacle-slaps you but does no damage.
Your ice dragon scales "Wiguc" prevents you from hitting the ettin.
The ettin is severely wounded.
The purple ugly thing tentacle-slaps you but does no damage.
The ettin hits you with a +0 dire flail!!
* * * LOW HITPOINT WARNING * * *
The ettin hits you with a +0 great mace!!
You die...

#..)######## #####.#
....##...#.## ###.....#
....#...#...# ##.......##
.⌠...#..#...###.........##
....#.##(##.....∩<.#.....###
.....#..#..#.....#####.....# ####
###..#..#.......##...##....###...
..##.###......###.....#........≈.
...#..#.......#.@C....###.≈≈###≈#
##)#..#......##u†..#.###...≈≈.#≈≈
...#..#......#.....###.....#≈≈.#^
.|.#..#..♣..##...###.......######
...+.##.....#....##......##.###≈≈
'#####....##.....#.)....##.##≈≈≈#
........#......###...##.#≈.######
#....###.#....##.....##.#≈≈^.#
######..#..)..#.....###.#≈#..#


You could see a purple ugly thing and an ettin.

Vanquished Creatures
  Mara (Vaults:3)
  Mennas (Vaults:3)
  Sojobo (Vaults:4)
  The ghost of Tenib the Warrior, a veteran DsFi of Okawaru (Depths:2)
  Nikola (Snake:1)
  The ghost of Xomu the Devastator, an adept DrFE of Vehumet (Vaults:4)
  A titan (Depths:2)
  Jorgrun (Swamp:1)
  2 liches (Depths:1)
  Gastronok (Lair:2)
  Agnes (D:13)
  2 sphinxes
  Frances (Swamp:2)
  A thorn hunter (Swamp:4)
  Kirke (Snake:1)
  11 nagarajas
  3 tengu reavers (Vaults:4)
  6 fire giants
  A frost giant (Vaults:4)
  6 vault wardens
  Louise (Snake:1)
  A reaper (Vaults:2)
  7 ironheart preservers
  6 stone giants
  An entropy weaver (Vaults:3)
  A war gargoyle (Vaults:3)
  7 very ugly things
  The ghost of rjrrt the Unseen, a journeyman SpEn of Nemelex Xobeh (Swamp:3)
  A minotaur (Lab)
  2 deep elf demonologists
  Azrael (D:13)
  A deep elf annihilator (Vaults:4)
  4 ettins
  Snorg (Lair:6)
  2 deep elf death magi
  10 death oozes
  Josephine (D:13)
  4 fire dragons
  Fannar (D:12)
  7 yaktaur captains
  2 great orbs of eyes
  7 ice dragons
  2 rakshasas
  2 shambling mangroves
  Erolcha (D:10)
  22 naga warriors
  8 anacondas
  2 ghost crabs
  9 vault guards
  12 centaur warriors
  19 hydras
  12 alligators
  9 death yaks
  A death knight (Vaults:3)
  14 ogre magi
  A two-headed ogre (shapeshifter) (D:14)
  5 deep troll shamans
  44 two-headed ogres
  A tengu warrior (Depths:2)
  A vampire mage (Vaults:2)
  4 deep troll earth magi (Depths:2)
  9 naga sharpshooters
  Nergalle (D:10)
  7 shock serpents
  2 spriggan berserkers (Depths:2)
  6 skeletal warriors
  4 deep elf knights (Vaults:3)
  A shadow wraith (Vaults:1)
  A salamander mystic (Snake:2)
  16 deep trolls
  2 unseen horrors
  7 swamp dragons
  3 flayed ghosts
  6 deep elf archers
  2 spriggan druids
  3 lindwurms (Swamp:4)
  10 naga ritualists
  3 wizards
  2 glowing orange brains
  12 orc knights
  A harpy (shapeshifter) (Vaults:2)
  2 phantasmal warriors (Vaults:3)
  A necromancer (Vaults:1)
  12 ironbrand convokers
  4 wolf spiders
  8 mana vipers
  7 cyclopes
  2 orc sorcerers (Orc:1)
  47 ugly things
  6 salamanders
  5 oklob plants
  4 manticores
  A moth of wrath (shapeshifter) (Vaults:4)
  8 deep elf magi
  A salamander (shapeshifter) (Vaults:2)
  11 vault sentinels
  32 black mambas
  A black mamba (shapeshifter) (Vaults:3)
  3 ice statues (IceCv)
  7 guardian serpents
  4 elephants (Lair:2)
  28 naga magi
  3 torpor snails
  2 spiny frogs (shapeshifter)
  A gargoyle (D:14)
  5 centaur skeletons
  24 spiny frogs
  20 yaktaurs
  5 kobold demonologists
  2 rime drakes
  A rime drake (shapeshifter) (Vaults:4)
  12 komodo dragons
  2 efreet (D:15)
  6 freezing wraiths
  3 tengu conjurers
  13 trolls
  A troll (shapeshifter) (Vaults:4)
  14 tyrant leeches
  3 meliai (D:15)
  A tyrant leech (shapeshifter) (Vaults:4)
  6 hornets
  3 bog bodies (Swamp:3)
  46 slime creatures
  6 dream sheep (Lair:4)
  19 blink frogs
  A hippogriff (shapeshifter) (Vaults:3)
  10 hippogriffs
  40 yaks
  2 spriggans (Swamp:2)
  2 wyverns
  11 wraiths
  5 shadows
  4 hogs (Snake:1)
  A vampire (D:12)
  4 basilisks
  2 fire elementals
  Grum (Lair:1)
  A golden eye (shapeshifter) (Vaults:1)
  Menkaure (D:6)
  A steam dragon (Lair:4)
  31 vampire mosquitoes
  A hungry ghost (D:15)
  5 wargs
  8 insubstantial wisps
  14 swamp worms
  An acid dragon (Vaults:2)
  42 nagas
  A soldier ant (D:15)
  10 water moccasins
  8 porcupines
  4 hell hounds
  13 swamp drakes
  3 black bears (D:8)
  11 ice beasts
  42 orc warriors
  A sky beast (D:6)
  22 boggarts
  An eye of draining (D:11)
  49 ogres
  4 phantoms
  4 wolves
  18 centaurs
  11 crocodiles
  4 big kobolds
  25 bullfrogs
  A gnoll sergeant (D:11)
  A wyvern zombie (D:10)
  4 scorpions
  An orc simulacrum (Vaults:1)
  13 wights
  14 killer bees
  2 howler monkeys (D:14)
  3 crimson imps
  3 bullfrog zombies
  4 centaur zombies
  3 jellies
  A quasit (D:12)
  A gnoll shaman (D:8)
  19 orc priests
  5 hounds
  40 orc wizards
  4 iguanas
  An iron imp (Depths:1)
  A bullfrog skeleton (D:11)
  11 worker ants
  A killer bee zombie (D:9)
  A hound skeleton (D:6)
  A howler monkey zombie (D:11)
  2 worker ant zombies
  Robin (D:3)
  14 adders
  14 gnolls
  4 shadow imps
  A white imp (Depths:1)
  4 oozes
  An adder skeleton (D:4)
  3 worms
  4 dart slugs
  10 leopard geckos
  100 orcs
  3 ball pythons
  6 bats
  8 giant cockroaches
  27 goblins
  9 hobgoblins
  4 jackals
  4 quokkas
  7 frilled lizards
  31 kobolds
  9 rats
  A fungus (Lair:4)
  6 plants
1599 creatures vanquished.

Vanquished Creatures (others)
  A hydra (Swamp:4)
  A vampire mosquito (Swamp:1)
  An orc (D:9)
  A hobgoblin (D:3)
  A rat (D:3)
  17 fungi
  21 plants
43 creatures vanquished.

Grand Total: 1642 creatures vanquished

Notes
Turn   | Place    | Note
-------+----------+-------------------------------------------
     0 | D:1      | rgaf the Gargoyle Hunter began the quest for the Orb.
     0 | D:1      | Reached XP level 1. HP: 12/12 MP: 1/1
   257 | D:1      | Reached XP level 2. HP: 12/18 MP: 2/2
   532 | D:1      | Reached skill level 1 in Armour
   621 | D:1      | Reached XP level 3. HP: 19/22 MP: 3/3
  1123 | D:2      | Reached XP level 4. HP: 20/27 MP: 4/4
  1281 | D:2      | Found an opulent altar of Gozag.
  1426 | D:2      | Reached skill level 5 in Bows
  2256 | D:3      | Reached XP level 5. HP: 31/32 MP: 5/5
  2389 | D:3      | Noticed Robin
  2439 | D:3      | Killed Robin
  3549 | D:3      | Reached XP level 6. HP: 38/38 MP: 6/6
  3630 | D:3      | Reached skill level 6 in Bows
  3823 | D:3      | Found a radiant altar of Vehumet.
  4570 | D:4      | Reached XP level 7. HP: 29/44 MP: 7/7
  5220 | D:5      | Entered Level 5 of the Dungeon
  5320 | D:4      | Reached skill level 7 in Bows
  5469 | D:5      | Found a staircase to the Ecumenical Temple.
  5476 | Temple   | Entered the Ecumenical Temple
  6025 | Temple   | Reached skill level 5 in Fighting
  6180 | D:5      | Found a transporter.
  6417 | D:5      | Reached XP level 8. HP: 44/49 MP: 8/8
  6468 | D:5      | Found a transporter.
  7133 | D:6      | Reached skill level 8 in Bows
  7181 | D:6      | Reached skill level 5 in Armour
  7283 | D:6      | Noticed Menkaure
  7294 | D:6      | Killed Menkaure
  8186 | D:7      | Found a burning altar of Makhleb.
  8239 | D:7      | Reached XP level 9. HP: 51/56 MP: 9/9
  8291 | D:7      | Reached skill level 9 in Bows
  8329 | D:7      | You fall through a shaft!
  8403 | D:8      | Found a runed door.
  8403 | D:8      | Noticed regis's ghost (novice TrMo)
  8450 | D:8      | Found a bloodstained altar of Trog.
  8514 | D:8      | Noticed a two-headed ogre
  8913 | D:7      | Got a translucent trident
  8914 | D:7      | Identified the +6 trident of Wunga {venom, *Slow MR++ SInv}
                  | (You found it on level 7 of the Dungeon)
  9289 | D:8      | Gained mutation: Scrolls take you a little longer to read.
                  | [potion of mutation]
  9289 | D:8      | Gained mutation: Your body sometimes deteriorates upon
                  | taking damage. [potion of mutation]
  9289 | D:8      | Gained mutation: You evolve. [potion of mutation]
  9341 | D:8      | Killed a two-headed ogre
  9416 | D:8      | Lost mutation: Scrolls take you a little longer to read.
                  | [potion of mutation]
  9416 | D:8      | Lost mutation: Your body sometimes deteriorates upon taking
                  | damage. [potion of mutation]
  9416 | D:8      | Lost mutation: You evolve. [potion of mutation]
  9416 | D:8      | Gained mutation: Your magical capacity is low. (-10% MP)
                  | [potion of mutation]
  9416 | D:8      | Gained mutation: You are resistant to hostile enchantments.
                  | (MR+) [potion of mutation]
  9416 | D:8      | Gained mutation: Your flesh is cold resistant. (rC+)
                  | [potion of mutation]
  9594 | D:8      | Reached skill level 10 in Bows
  9753 | D:8      | Identified a scroll of acquirement
  9756 | D:8      | Got a steaming longbow
  9757 | D:8      | Identified the +8 longbow "Yrenih" {velocity, rPois rF+
                  | rC+++ Stlth-} (You acquired it on level 8 of the Dungeon)
  9880 | D:9      | Noticed a six-headed hydra
 10325 | D:8      | Reached XP level 10. HP: 51/64 MP: 9/9
 10691 | D:9      | Killed a six-headed hydra
 10691 | D:9      | Reached skill level 11 in Bows
 10828 | D:9      | Found a staircase to the Lair.
 10895 | D:9      | Found Guriyts's Demolitions Depot.
 11059 | D:9      | Found a sparkling altar of Nemelex Xobeh.
 11061 | D:9      | Found an iron altar of Okawaru.
 11357 | D:9      | Became a worshipper of Warmaster Okawaru
 11409 | D:10     | Entered Level 10 of the Dungeon
 11496 | D:10     | Reached skill level 12 in Bows
 11554 | D:10     | Reached XP level 11. HP: 71/71 MP: 9/9
 11558 | D:10     | Reached * piety under Okawaru
 11724 | D:10     | Found a staircase to the Orcish Mines.
 11888 | D:10     | Noticed Erolcha
 12321 | D:10     | Killed Erolcha
 12817 | D:11     | Found a flagged portal.
 12861 | Bailey   | Entered a bailey
 12944 | Bailey   | Found an iron altar of Okawaru.
 13139 | D:11     | Found a labyrinth entrance.
 13139 | D:11     | Noticed a green ugly thing
 13140 | D:11     | Noticed a cyclops
 13143 | Lab      | Entered a labyrinth
 13290 | Lab      | Identified the +4 battleaxe of Aneyclirgh {chop, +Rage}
 13290 | Lab      | Identified the amulet "Zaemiuvi" {Acrobat MR+ Dex+3}
 13290 | Lab      | Noticed a minotaur
 13297 | Lab      | Killed a minotaur
 13297 | Lab      | Reached ** piety under Okawaru
 13297 | Lab      | Reached skill level 10 in Fighting
 13426 | D:11     | Noticed Nergalle
 13460 | D:10     | Killed Nergalle
 13460 | D:10     | Reached skill level 13 in Bows
 13464 | D:10     | Killed a green ugly thing
 13590 | D:11     | Noticed a purple ugly thing
 13594 | D:11     | Killed a purple ugly thing
 13594 | D:11     | Reached *** piety under Okawaru
 13649 | D:11     | Reached skill level 10 in Armour
 13877 | D:11     | Killed a cyclops
 13877 | D:11     | Received a gift from Okawaru
 13877 | D:11     | Reached skill level 1 in Long Blades
 13913 | D:11     | Received a gift from Okawaru
 13990 | D:11     | Reached XP level 12. HP: 75/78 MP: 10/10
 14410 | D:11     | Reached **** piety under Okawaru
 14857 | Lair:1   | Entered Level 1 of the Lair of Beasts
 14862 | Lair:1   | Found a frozen archway.
 14958 | IceCv    | Entered an ice cave
 15213 | IceCv    | Received a gift from Okawaru
 15401 | IceCv    | Got translucent ice dragon scales
 15412 | IceCv    | Identified the +6 ice dragon scales "Wiguc" {rF- rC++ rN+
                  | MR+ Str+4} (You found it in an ice cave)
 15728 | Lair:1   | Noticed Grum
 15732 | Lair:1   | Killed Grum
 15732 | Lair:1   | Reached skill level 14 in Bows
 15744 | Lair:1   | Reached ***** piety under Okawaru
 16160 | Lair:2   | Received a gift from Okawaru
 16324 | Lair:2   | Found a transporter.
 16336 | Lair:2   | Reached skill level 5 in Long Blades
 16372 | Lair:2   | Found a transporter.
 16372 | Lair:2   | Noticed meatyocre's ghost (journeyman FoAK)
 16705 | Lair:2   | Reached XP level 13. HP: 84/84 MP: 11/11
 16882 | Lair:2   | Found a staircase to the Swamp.
 16903 | Lair:2   | Noticed Gastronok
 16918 | Lair:2   | Killed Gastronok
 16918 | Lair:2   | Received a gift from Okawaru
 17593 | Lair:3   | Found a snail-covered altar of Cheibriados.
 17650 | Lair:3   | Found a staircase to the Snake Pit.
 18100 | Lair:3   | Reached skill level 15 in Bows
 18213 | Lair:3   | Received a gift from Okawaru
 19550 | Lair:5   | Gained mutation: Your large and strong wings let you fly
                  | indefinitely. [Gargoyle growth]
 19550 | Lair:5   | Reached XP level 14. HP: 83/92 MP: 12/12
 19859 | Lair:5   | Received a gift from Okawaru
 19864 | Lair:5   | Identified the +7 longbow of Spite {venom, +Inv rElec
                  | Int+3} (Okawaru gifted it to you on level 5 of the Lair of
                  | Beasts)
 20020 | Lair:5   | Got a spiked chain mail
 20516 | Lair:6   | Entered Level 6 of the Lair of Beasts
 20554 | Lair:6   | Noticed Snorg
 20559 | Lair:6   | Killed Snorg
 20695 | Lair:6   | Received a gift from Okawaru
 20883 | Lair:6   | Received a gift from Okawaru
 20898 | Lair:6   | Reached skill level 16 in Bows
 21153 | Lair:6   | Identified the +1 chain mail of the Mackerel {rCorr Str+3
                  | Int+4 Dex-3} (You found it on level 5 of the Lair of
                  | Beasts)
 21185 | Lair:6   | Found a staircase to the Slime Pits.
 21186 | Lair:6   | Found a viscous altar of Jiyva.
 21446 | Lair:6   | Reached ****** piety under Okawaru
 22270 | Orc:1    | Entered Level 1 of the Orcish Mines
 22426 | Orc:1    | Found a roughly hewn altar of Beogh.
 22501 | Orc:1    | Found a roughly hewn altar of Beogh.
 22552 | Orc:1    | Reached skill level 10 in Long Blades
 22741 | Orc:2    | Entered Level 2 of the Orcish Mines
 22807 | Orc:2    | Noticed an orc warlord
 22811 | Orc:2    | Noticed rz's ghost (journeyman MiBe)
 22833 | Orc:2    | Found a transporter.
 22866 | Orc:2    | Found Hucesk's Antique Armour Boutique.
 22917 | Orc:2    | Reached XP level 15. HP: 97/97 MP: 13/13
 22947 | Orc:2    | Received a gift from Okawaru
 23043 | Orc:2    | Received a gift from Okawaru
 23103 | Orc:2    | Found Zuroleso's Weapon Shoppe.
 23103 | Orc:2    | Found Ybbienn's Magic Scroll Shop.
 23104 | Orc:2    | Found Ulaw's Antique Armour Boutique.
 23104 | Orc:2    | Found Qafagy Mopy's Distillery.
 23113 | Orc:2    | Bought a potion of heal wounds for 70 gold pieces
 23113 | Orc:2    | Bought 2 potions of might for 112 gold pieces
 23114 | Orc:2    | Bought a shiny helmet for 255 gold pieces
 23157 | Orc:2    | Bought a scorched plate armour for 560 gold pieces
 23157 | Orc:2    | Identified the +4 plate armour "Hetokych" {*Corrode +Blink
                  | MR+} (You bought it in a shop on level 2 of the Orcish
                  | Mines)
 23331 | Orc:2    | Found a transporter.
 23453 | Orc:2    | Found a staircase to the Elven Halls.
 24180 | D:12     | Noticed Fannar
 24194 | D:12     | Killed Fannar
 24673 | D:12     | Reached skill level 17 in Bows
 25298 | D:13     | Noticed Josephine
 25301 | D:13     | Killed Josephine
 25632 | D:13     | Noticed Azrael
 26002 | D:13     | Killed Azrael
 26720 | D:14     | Received a gift from Okawaru
 27047 | D:14     | Noticed Agnes
 27468 | D:14     | Reached XP level 16. HP: 104/104 MP: 14/14
 27485 | D:14     | Found Lorhur's Food Shop.
 27505 | D:14     | Got a pitted glass ring
 27507 | D:14     | Identified the ring "Asathelu" {rElec rF+ MP+9 Int+5} (You
                  | found it on level 14 of the Dungeon)
 27563 | D:14     | Found Qidax's Weapon Boutique.
 27757 | D:14     | Found a gate to the Vaults.
 27858 | D:15     | Entered Level 15 of the Dungeon
 28398 | D:15     | Received a gift from Okawaru
 28531 | D:15     | Got a scorched great sword {god gift}
 28702 | D:15     | Found a staircase to the Depths.
 28747 | D:15     | Identified the +0 great sword of Zestringi {flame, rElec
                  | Str+2} (Okawaru gifted it to you on level 15 of the
                  | Dungeon)
 29514 | Snake:1  | Entered Level 1 of the Snake Pit
 29537 | Snake:1  | Noticed Kirke
 29549 | Snake:1  | Killed Kirke
 29903 | Snake:1  | Noticed Louise
 29913 | Snake:1  | Killed Louise
 29966 | Snake:1  | Received a gift from Okawaru
 30165 | Snake:1  | Received a gift from Okawaru
 30165 | Snake:1  | Reached skill level 18 in Bows
 30245 | Snake:1  | Noticed Nikola
 30257 | Snake:1  | Killed Nikola
 30257 | Snake:1  | Received a gift from Okawaru
 30422 | Snake:1  | Found Guntis's Book Emporium.
 30449 | Snake:1  | Received a gift from Okawaru
 30960 | Snake:2  | Reached XP level 17. HP: 92/112 MP: 15/15
 31060 | Snake:2  | Received a gift from Okawaru
 31100 | Snake:2  | Identified the cursed +1 great sword of Red Wine {flame,
                  | Str+6}
 32359 | Snake:3  | Received a gift from Okawaru
 33160 | Snake:4  | Entered Level 4 of the Snake Pit
 33362 | Snake:4  | Reached skill level 15 in Fighting
 33362 | Snake:4  | Reached skill level 19 in Bows
 33526 | Snake:4  | Reached XP level 18. HP: 117/119 MP: 16/16
 33594 | Snake:4  | Reached skill level 15 in Armour
 33688 | Snake:4  | Found a runed gate.
 33688 | Snake:4  | Found a runed gate.
 33688 | Snake:4  | Found a runed gate.
 33772 | Snake:4  | Noticed Zenkrye's ghost (adept GrEE)
 34007 | Snake:4  | Received a gift from Okawaru
 34502 | Snake:4  | Got a serpentine rune of Zot
 35058 | Swamp:1  | Entered Level 1 of the Swamp
 35546 | Swamp:1  | Noticed Jorgrun
 35555 | Swamp:1  | Received a gift from Okawaru
 35560 | Swamp:1  | Killed Jorgrun
 36339 | Swamp:2  | Received a gift from Okawaru
 36485 | Swamp:2  | Noticed Frances
 36496 | Swamp:2  | Killed Frances
 36850 | Swamp:2  | Received a gift from Okawaru
 37423 | Swamp:3  | Received a gift from Okawaru
 37515 | Swamp:3  | Found a runed gate.
 37516 | Swamp:3  | Found a runed gate.
 37517 | Swamp:3  | Found a runed gate.
 37526 | Swamp:3  | Noticed rjrrt's ghost (journeyman SpEn)
 38073 | Swamp:3  | Noticed Roxanne
 38168 | Swamp:3  | Killed rjrrt's ghost
 38168 | Swamp:3  | Reached skill level 15 in Long Blades
 38217 | Swamp:4  | Entered Level 4 of the Swamp
 38313 | Swamp:4  | Reached XP level 19. HP: 90/125 MP: 17/17
 38653 | Swamp:4  | Reached skill level 20 in Bows
 39220 | Swamp:4  | Got a decaying rune of Zot
 39426 | Swamp:4  | Received a gift from Okawaru
 40009 | Vaults:1 | Entered Level 1 of the Vaults
 40188 | Vaults:1 | Reached skill level 1 in Invocations
 41036 | Vaults:1 | Received a gift from Okawaru
 42167 | Vaults:2 | Received a gift from Okawaru
 42175 | Vaults:2 | Identified the +9 great sword "Cippuseo" {vamp, MR+}
                  | (Okawaru gifted it to you on level 2 of the Vaults)
 42304 | Vaults:2 | Reached XP level 20. HP: 132/132 MP: 21/21
 42466 | Vaults:2 | Reached skill level 5 in Invocations
 42849 | Vaults:2 | Found a staircase to the Crypt.
 43138 | Vaults:2 | Received a gift from Okawaru
 43719 | Vaults:2 | Received a gift from Okawaru
 44101 | Vaults:3 | Identified the +0 large shield of Hangman {-Tele rElec rF+
                  | MP+9 Str+7}
 44101 | Vaults:3 | Noticed Mennas
 44107 | Vaults:3 | Found a hide-covered altar of Uskayaw.
 44232 | Vaults:3 | Received a gift from Okawaru
 44498 | Vaults:3 | Noticed Mara
 44503 | Vaults:3 | Noticed rgaf's illusion
 44551 | Vaults:3 | Killed Mara
 44551 | Vaults:3 | Received a gift from Okawaru
 44965 | Vaults:3 | Killed Mennas
 45449 | Vaults:3 | Reached XP level 21. HP: 137/139 MP: 24/24
 45614 | Vaults:3 | Received a gift from Okawaru
 45935 | Vaults:3 | Got a brightly glowing graven amulet
 46040 | Vaults:3 | Identified the amulet "Xeret" {*Contam *Slow +Inv rC+++
                  | Regen+} (You found it on level 3 of the Vaults)
 46085 | Vaults:3 | Received a gift from Okawaru
 46228 | Vaults:4 | Identified the ring "Bieps" {rPois Str+3 Int+4 Stlth+} (You
                  | found it on level 4 of the Vaults)
 46479 | Vaults:4 | Received a gift from Okawaru
 46490 | Vaults:4 | Found a radiant altar of Vehumet.
 46805 | Vaults:4 | Received a gift from Okawaru
 47152 | Vaults:4 | Noticed Sojobo
 47502 | Vaults:4 | Killed Sojobo
 47717 | Vaults:3 | Received a gift from Okawaru
 48425 | Vaults:4 | Found a portal to a secret trove of treasure.
 48461 | Vaults:4 | Noticed Xomu's ghost (adept DrFE)
 48462 | Vaults:4 | Found a runed gate.
 48462 | Vaults:4 | Found a runed gate.
 48462 | Vaults:4 | Found a runed gate.
 48501 | Vaults:4 | Received a gift from Okawaru
 48736 | Vaults:4 | Killed Xomu's ghost
 48736 | Vaults:4 | Received a gift from Okawaru
 48829 | Vaults:4 | Upgraded the game from 0.23-a0-332-g9fe5f10 to
                  | 0.23-a0-344-ge122d05
 48988 | Depths:1 | Entered Level 1 of the Depths
 49759 | Depths:1 | Reached XP level 22. HP: 147/147 MP: 26/26
 49859 | Depths:1 | Reached skill level 10 in Invocations
 50121 | Depths:1 | Found a gateway to Hell.
 50341 | Depths:1 | Found a one-way gate leading to the halls of Pandemonium.
 50587 | Depths:2 | Received a gift from Okawaru
 50947 | Depths:2 | Got a warped copper ring
 50976 | Depths:2 | Found a one-way gate to the infinite horrors of the Abyss.
 51043 | Depths:2 | Identified the ring of the Princeling {-Tele rC+ MR+ MP+9
                  | Int+2} (You acquired it on level 2 of the Depths)
 51167 | Depths:2 | Found a runed gate.
 51167 | Depths:2 | Found a runed gate.
 51171 | Depths:2 | Found a runed gate.
 51171 | Depths:2 | Noticed Tenib's ghost (veteran DsFi)
 51176 | Depths:2 | Found a viscous altar of Jiyva.
 51402 | Depths:2 | Found Piuddan's One-of-a-Kind Books.
 51613 | Depths:2 | Received a gift from Okawaru
 51643 | Depths:2 | Killed Tenib's ghost
 52092 | Depths:2 | Got a transparent bone amulet
 52223 | D:13     | Killed Agnes
 52434 | Orc:2    | Bought a scroll of fear for 49 gold pieces
 52434 | Orc:2    | Bought a scroll of fear for 49 gold pieces
 52434 | Orc:2    | Bought a scroll of fear for 49 gold pieces
 52434 | Orc:2    | Bought a scroll of identify for 28 gold pieces
 52434 | Orc:2    | Bought a scroll of fear for 49 gold pieces
 52436 | Orc:2    | Identified the amulet of Eneom {Faith rElec} (You found it
                  | on level 2 of the Depths)
 52777 | Depths:2 | Mangled by an ettin

Vault maps used:
D:1:      dpeg_arrival_fog, grunt_decor_resistance
D:2:      grunt_gozag_statues, minmay_misc_feat_doors, minmay_split_cup_small
D:3:      fiery_altar_vehumet, first_ration, chequers_serial_rivers_marsh,
          uniq_robin
D:5:      gammafunk_cloud_chamber, minmay_temple_entry_overgrown
D:6:      corexii_corridor_pit, uniq_menkaure
D:7:      bloody_makhleb
D:8:      lemuel_doored_altar, gammafunk_ghost_grave
D:9:      gammafunk_temple_overflow_statue, minmay_lair_entry_grove,
          blue_anna_alchemist, nicolae_blasting_shop
D:10:     orc_0_dummy, uniq_erolcha
D:11:     lightli_bailey_entry_fortress, lab_entry_generic,
          nrook_guardian_serpent_ordinary, uniq_nergalle
D:12:     uniq_fannar
D:13:     kennysheep_decorative_pillar, uniq_azrael, uniq_josephine
D:14:     david_vaults_4, hangedman_glass_teeth, serial_shops, shop, shop,
          uniq_agnes
D:15:     grunt_enter_depths_giant_problem, hex_medium
Temple:   regret_index_temple_sphere_string
Lair:1:   portal_ice_cave_entry_pillars_2, st_stairs_12, grunt_megastairs_4,
          infiniplex_staircase_pool_2, lemuel_fruit_fields, uniq_grum
Lair:2:   minmay_swamp_entry_worms, gammafunk_ghost_hive, minivault_19,
          uniq_gastronok
Lair:3:   guppyfry_snake_entry_island, hangedman_lair_unloving_vines,
          kennysheep_snail_temple
Lair:5:   minmay_lair_oklob_tunnel, bh_autumn_forest_stairs, grunt_megastairs_3
Lair:6:   minmay_lair_end_frog_pond, slime_altar_1, uniq_snorg
Swamp:1:  nicolae_swamp_very_dense_foliage, uniq_jorgrun
Swamp:2:  evilmike_swamp_ruin_house_4, uniq_frances
Swamp:3:  ebering_ghost_rock_garden, evilmike_swamp_ruin_house_2, uniq_roxanne
Swamp:4:  swamp_alternative, swamp_pool1
Snake:1:  cheibrodos_snake_ritualist_ritual, serial_shops, shop, uniq_kirke,
          uniq_louise, uniq_nikola
Snake:2:  nicolae_snakescales
Snake:4:  snake_pit, gammafunk_ghost_necromancy
Orc:1:    hangedman_feature_mirror
Orc:2:    st_orc_ogre_mass, serial_shops, shop, gammafunk_ghost_arena
Vaults:1: nicolae_vaults_little_ls, hangedman_vaults_stream,
          ontoclasm_vaults_chip, nicolae_vaults_twisting_passages,
          vaults_room_door_ring, grunt_vaults_bifocal, vaults_room_hallway,
          nicolae_vaults_mini_display_case, dpeg_vaults_monster_box,
          vaults_mumra_chevron_long, vaults_dpeg_cross,
          nicolae_vaults_little_squares_5
Vaults:2: vaults_mumra_hexcomb, nicolae_vaults_network_quincunx,
          minmay_crypt_entry_simple_corners, v_misc_12, hangedman_vaults_maws,
          v_misc_11, v_alt_pattern_5, ontoclasm_vaults_decontamination
Vaults:3: vaults_room_semicircle, v_misc_27, v_pattern_4, v_misc_14,
          nicolae_vaults_murderbox, nicolae_vaults_windows_and_doors_thing,
          basic_altar, uniq_mara, uniq_mennas
Vaults:4: gammafunk_vaults_ghost_split, nicolae_vaults_what_the_h,
          nicolae_vaults_fighting_squares, vaults_room_large_hall,
          hangedman_vaults_river_flow, nicolae_vaults_little_squares_5,
          grunt_vaults_funnel, hangedman_vaults_corner,
          ontoclasm_vaults_ring_small, vaults_standard_mumra_x,
          nicolae_vaults_ring_of_whatevers, nicolae_vaults_specimen_jars,
          nicolae_vaults_rhombus_6, basic_altar, nicolae_trove_entry_diagonal,
          uniq_sojobo
Depths:1: grunt_pan_entry_zigzag, grunt_hell_entry_dis_grunt, serial_glass,
          glass_columns_c, glass_columns_b, minmay_misc_feat_iff,
          kennysheep_opposing_triangles
Depths:2: grunt_twist_and_shout, minmay_misc_feat_x, gammafunk_ghost_ooze,
          serial_rivers, chequers_serial_rivers_small_3,
          chequers_serial_rivers_small_b, chequers_serial_rivers_micro_c,
          chequers_serial_rivers_micro_a, abyss_entry_crystal, hell_entry,
          nicolae_rare_books, minmay_staircase_windowed_large
Depths:3: hourglass_vault, serial_column_ruins, column_ruins_grid_1,
          column_ruins_open_small, column_ruins_open_tiny, column_ruins_grid_2,
          hell_entry, rand_demon_pan_entry_8, cheibriados_altar_1,
          infiniplex_staircase_squiggle, serial_bayou_shore_b
Lab:      labyrinth_watery
Bailey:   bailey_axe_3, bailey
IceCv:    ice_cave_statue_garden_chambered

Skill      XL: |  1  2  3  4  5  6  7  8  9 10 11 12 13 14 15 16 17 18 19 20 21 22 |
---------------+-------------------------------------------------------------------+-----
Armour         | 1 2 3 4 5 7 8 10 11 12 13 14 15 16 17 18 | 18.5
Fighting       | 3 4 5 6 7 9 10 11 12 13 14 15 16 17 18 | 18.6
Bows           | 5 6 7 8 10 12 13 14 15 16 17 18 19 20 | 20.0
Long Blades    | 1 5 8 10 11 12 14 15 16 17 18 19 | 19.1
Invocations    | 4 7 9 10 | 10.0
Dodging        | |  1.5
Stealth        | |  1.1

Action                   |  1- 3 |  4- 6 |  7- 9 | 10-12 | 13-15 | 16-18 | 19-21 | 22-24 || total
-------------------------+-------+-------+-------+-------+-------+-------+-------+-------++-------
Melee: Short sword       |   163 |   229 |       |       |       |       |       |       ||   392
       Long sword        |       |    61 |   341 |       |       |       |       |       ||   402
       Great sword       |       |       |       |   146 |   279 |   336 |   336 |    19 ||  1116
       Longbow           |       |       |       |       |     1 |       |       |       ||     1
 Fire: Shortbow          |       |    59 |    99 |       |       |       |       |       ||   158
       Longbow           |       |       |    20 |   428 |   898 |  1121 |  1372 |   299 ||  4138
Invok: Heroism           |       |       |       |       |       |       |     1 |       ||     1
       Finesse           |       |       |       |       |       |       |     1 |       ||     1
 Abil: Fly               |       |       |       |       |     1 |       |       |       ||     1
  Use: Scroll            |       |       |    18 |     7 |    14 |     7 |    12 |     4 ||    62
       Potion            |       |       |    12 |     1 |     6 |     3 |     2 |       ||    24
 Stab: Sleeping          |     1 |       |       |       |       |       |       |       ||     1
  Eat: Chunk             |     1 |    11 |    19 |    17 |    24 |    17 |    18 |     6 ||   113
       Ration            |       |       |       |     1 |     3 |     5 |     4 |     2 ||    15
Armor: Leather armour    |    57 |    13 |       |       |       |       |       |       ||    70
       Ring mail         |       |   178 |   271 |       |       |       |       |       ||   449
       Plate armour      |       |       |     3 |   158 |       |       |       |       ||   161
       Ice dragon scales |       |       |       |   267 |   452 |   636 |   661 |   116 ||  2132
Dodge: Dodged            |   103 |   235 |   294 |   284 |   353 |   436 |   438 |    65 ||  2208
       Deflected         |       |       |       |       |    11 |    56 |    71 |       ||   138
       Rpst.: Long sword |       |    13 |    79 |       |       |       |       |       ||    92
       Great sword       |       |       |       |    35 |    64 |    58 |    39 |       ||   196

Table legend:
 A = Non-vault XP
 B = Vault XP
 C = Vault XP percentage of total XP
 D = Non-vault monster count
 E = Vault monster count
 F = Vault count percentage of total count
                 A         B        C        D         E       F
            +---------+---------+-------+---------+---------+-------
      Total |  362452 |  295732 |  44.9 |    1114 |     479 |  30.1
            +---------+---------+-------+---------+---------+-------
        D:1 |      52 |       0 |   0.0 |      25 |       0 |   0.0
        D:2 |      97 |       7 |   6.7 |      24 |       3 |  11.1
        D:3 |     242 |      39 |  13.9 |      31 |      13 |  29.5
        D:4 |     347 |       0 |   0.0 |      25 |       0 |   0.0
        D:5 |     346 |       0 |   0.0 |      13 |       0 |   0.0
        D:6 |     584 |     183 |  23.9 |      15 |       1 |   6.2
        D:7 |     522 |       0 |   0.0 |      11 |       0 |   0.0
        D:8 |    1986 |     679 |  25.5 |      24 |       6 |  20.0
        D:9 |    2027 |     930 |  31.5 |      20 |       7 |  25.9
       D:10 |    2614 |    1793 |  40.7 |      27 |       2 |   6.9
       D:11 |    5513 |     481 |   8.0 |      53 |      13 |  19.7
       D:12 |    5919 |    1545 |  20.7 |      44 |       4 |   8.3
       D:13 |    6067 |    6105 |  50.2 |      36 |      11 |  23.4
       D:14 |   10285 |    2656 |  20.5 |      26 |       4 |  13.3
       D:15 |   13143 |    1894 |  12.6 |      48 |       1 |   2.0
     Temple |     156 |       0 |   0.0 |       5 |       0 |   0.0
     Lair:1 |    1066 |    1084 |  50.4 |       6 |       6 |  50.0
     Lair:2 |    9349 |    2908 |  23.7 |      33 |       4 |  10.8
     Lair:3 |    6592 |     990 |  13.1 |      12 |       3 |  20.0
     Lair:4 |    7083 |       0 |   0.0 |      24 |       0 |   0.0
     Lair:5 |    3455 |    3170 |  47.8 |       8 |       8 |  50.0
     Lair:6 |    8573 |   13208 |  60.6 |      34 |      49 |  59.0
    Swamp:1 |   12215 |    2695 |  18.1 |      29 |       1 |   3.3
    Swamp:2 |   10952 |    2236 |  17.0 |      25 |       1 |   3.8
    Swamp:3 |   11289 |    3176 |  22.0 |      29 |       4 |  12.1
    Swamp:4 |   10249 |   15757 |  60.6 |      31 |      25 |  44.6
    Snake:1 |   10542 |   11577 |  52.3 |      22 |      12 |  35.3
    Snake:2 |   29605 |    7754 |  20.8 |      43 |      13 |  23.2
    Snake:3 |   20828 |       0 |   0.0 |      41 |       0 |   0.0
    Snake:4 |    8991 |   33255 |  78.7 |      16 |      46 |  74.2
      Orc:1 |    3095 |     595 |  16.1 |      41 |       4 |   8.9
      Orc:2 |    1884 |   17043 |  90.0 |      34 |      35 |  50.7
   Vaults:1 |   25871 |   21496 |  45.4 |      38 |      36 |  48.6
   Vaults:2 |   36038 |   25762 |  41.7 |      75 |      48 |  39.0
   Vaults:3 |   21363 |   48623 |  69.5 |      39 |      40 |  50.6
   Vaults:4 |   20091 |   36187 |  64.3 |      42 |      29 |  40.8
   Depths:1 |   26479 |    6703 |  20.2 |      25 |       8 |  24.2
   Depths:2 |   19372 |   20178 |  51.0 |      31 |      14 |  31.1
   Depths:3 |    7570 |       0 |   0.0 |       9 |       0 |   0.0
        Lab |       0 |    1300 | 100.0 |       0 |       1 | 100.0
     Bailey |       0 |     421 | 100.0 |       0 |      16 | 100.0
      IceCv |       0 |    3302 | 100.0 |       0 |      11 | 100.0
            +---------+---------+-------+---------+---------+-------
